 Dungeon Crawl Stone Soup version 0.28.0-49-g6dfe1f597d (webtiles) character file.

Game seed: 7655237741558821592

18 Zeld the Chiller (level 2, 0/23 HPs)
             Began as a Ghoul Ice Elementalist on May 17, 2022.
             Slain by a bat (1 damage)
             ... on level 1 of the Dungeon.
             The game lasted 00:00:53 (524 turns).

Zeld the Chiller (Ghoul Ice Elementalist)            Turns: 524, Time: 00:00:54

Health: 0/23       AC:  2    Str: 11    XL:     2   Next: 70%
Magic:  0/4        EV: 12    Int: 10    God:
Gold:   12         SH:  0    Dex:  9    Spells: 4/5 levels left

rFire   . . .      SeeInvis .   (no weapon)
rCold   + . .      Faith    .   (no shield)
rNeg    + + +      Spirit   .   a - +0 robe
rPois   ∞          Reflect  .   (no helmet)
rElec   .          Harm     .   (no cloak)
rCorr   .          Rampage  .   (no gloves)
Will    .....                   (no boots)
Stlth   ++........              (no amulet)
HPRegen 0.00/turn               (no ring)
MPRegen 0.09/turn               (no ring)

@: inhibited regen
A: claws 1, cold resistance 1, negative energy resistance 3, inhibited
regeneration, torment resistance 2
a: no special abilities


You were on level 1 of the Dungeon.
You visited 1 branch of the dungeon, and saw 1 of its levels.

You collected 12 gold pieces.

Inventory:

Armour
 a - a +0 robe (worn)
Scrolls
 b - a scroll of fear {unknown}
Potions
 c - a potion of attraction {unknown}


   Skills:
 * Level 1.0 Fighting
 + Level 1.9 Dodging
 + Level 2.4 Stealth
 * Level 2.0 Spellcasting
 * Level 4.6 Ice Magic


You had 4 spell levels left.
You knew the following spells:

 Your Spells              Type           Power      Damage    Failure   Level
a - Freeze                Ice            40%        1d6       4%          1

Your spell library contained the following spells:

 Spells                   Type           Power      Damage    Failure   Level
 Frozen Ramparts          Ice            20%        1d4       14%         3
 Ozocubu's Armour         Ice            10%        N/A       14%         3
 Hailstorm                Conj/Ice       5%         3d4       77%         4


Dungeon Overview and Level Annotations

Branches:
Dungeon (1/15)

Altars:


Innate Abilities, Weirdness & Mutations

You thrive by killing the living.
You are immune to poison.
You have sharp fingernails.
Your flesh is cold resistant. (rC+)
You are immune to negative energy. (rN+++)
You do not regenerate when monsters are visible.
You are immune to unholy pain and torment.


Message History

Unknown command.
Casting: Freeze (safe; 4% risk of failure)
Confirm with . or Enter, or press ? or * to list all spells.
Aiming: Freeze (safe; 4% risk of failure)
Press: ? - help, Shift-Dir - straight line, f - hobgoblin
Aim: a hobgoblin You freeze the hobgoblin.
The hobgoblin is heavily wounded.
The hobgoblin misses you.
Unknown command.
The bat misses you. The bat completely misses you.
The hobgoblin barely misses you.
A frilled lizard comes into view.
The frilled lizard hisses angrily.
The bat closely misses you.
A rat comes into view.
The rat bites you.
* * * LOW HITPOINT WARNING * * *
The rat misses you. The rat bites you.
* * * LOW HITPOINT WARNING * * *
The bat hits you but does no damage.
Casting: Freeze (safe; 4% risk of failure)
Confirm with . or Enter, or press ? or * to list all spells.
Aiming: Freeze (safe; 4% risk of failure)
Press: ? - help, Shift-Dir - straight line, f - rat, p - hobgoblin
Aim: a rat You freeze the rat.
You kill the rat!
Your Fighting skill increases to level 1!
Unknown command.
Casting: Freeze (safe; 4% risk of failure)
Confirm with . or Enter, or press ? or * to list all spells.
Aiming: Freeze (safe; 4% risk of failure)
Press: ? - help, Shift-Dir - straight line, f - frilled lizard
Aim: a frilled lizard You freeze the frilled lizard.
You kill the frilled lizard!
The bat hits you.
You die...

....#.)#....#
...#....#..##
.##.)...#.##
..........#
..##.########
.###........##
..###.####...#
.............######.#
...##.####..g..b@...#
...##.......#########
..###.......# ..#
######### #.# #.# ..#
#


You could see a hobgoblin and a bat.

Vanquished Creatures
  2 dart slugs (D:1)
  An endoplasm (D:1)
  A hobgoblin (D:1)
  2 ball pythons (D:1)
  A bat (D:1)
  2 frilled lizards (D:1)
  4 goblins (D:1)
  A kobold (D:1)
  3 rats (D:1)
17 creatures vanquished.

Notes
Turn   | Place    | Note
-------+----------+-------------------------------------------
     0 | D:1      | Zeld the Ghoul Ice Elementalist began the quest for the
                  | Orb.
     0 | D:1      | Reached XP level 1. HP: 14/14 MP: 2/2
    63 | D:1      | Reached XP level 2. HP: 15/22 MP: 0/4
   515 | D:1      | HP: 1/22 [rat (1)]
   523 | D:1      | Reached skill level 1 in Fighting
   524 | D:1      | Slain by a bat

Illustrated notes

Levels and vault maps discovered:
D:1:      dpeg_arrival_pits, layout_loops_cross, minmay_misc_feat_chi,
          hangedman_abyss_or_decor_stabs, minivault_5, kennysheep_flooded_box

Skill      XL: |  1  2 |
---------------+-------+-----
Spellcasting   | 2 |  2.0
Fighting       | 1 |  1.0
Dodging        | |  1.9
Stealth        | |  2.4
Ice Magic      | |  4.6

Action                   || total
-------------------------++-------
Melee: Unarmed           ||    20
 Cast: Freeze            ||    19
 Stab: Sleeping          ||     2
Armor: Robe              ||     7
Dodge: Dodged            ||    24
